 Dungeon Crawl Stone Soup version 0.17-a0-1554-g3b847ca (webtiles) character file.

147 Eldritch the Skirmisher (level 5, -12/42 HPs)
             Began as a Demonspawn Abyssal Knight on July 19, 2015.
             Was a Believer of Lugonu.
             Mangled by an ogre
             ... wielding a +0 giant club
              (24 damage)
             ... on level 4 of the Dungeon.
             The game lasted 00:10:03 (3039 turns).

Eldritch the Skirmisher (Demonspawn Abyssal Knight) Turns: 3039, Time: 00:10:03

Health: -12/42     AC:  0    Str: 13    XL:     5   Next: 8%
Magic:  6/7        EV: 12    Int: 14    God:    Lugonu [**....]
Gold:   188        SH:  0    Dex: 12    Spells: 0 memorised, 4 levels left

rFire  . . .     SeeInvis .     a - +1 spear
rCold  . . .     Clarity  .     (no armour)
rNeg   . . .     SustAt   .     (no shield)
rPois  +         Gourm    .     (no helmet)
rElec  .         Spirit   .     (no cloak)
rCorr  .         Warding  .     (no gloves)
rMut   .         Stasis   .     (no boots)
MR     .....                    (no amulet)
Stlth  +.........               q - ring of poison resistance
                                g - ring of flight

@: flying, not resistant to hostile enchantments, very unstealthy
A: claws 1, powered by death 1
a: Depart the Abyss, Bend Space, Renounce Religion, Stop Flying


You were on level 4 of the Dungeon.
You worshipped Lugonu.
Lugonu was pleased with you.
You were not hungry.

You visited 1 branch of the dungeon, and saw 4 of its levels.
You visited the Abyss 1 time.

You collected 188 gold pieces.

Inventory:

Hand weapons
 a - a +1 spear (weapon)
Armour
 b - a +0 leather armour
 r - a +0 ring mail
Jewellery
 g - a ring of flight (left claw)
 q - a ring of poison resistance (right claw)
 t - a +2 ring of intelligence {unknown}
Magical devices
 k - a wand of random effects (26)
Scrolls
 j - a scroll of remove curse
 l - 2 scrolls of teleportation {unknown}
 o - a scroll of amnesia {unknown}
 s - a scroll of identify
Potions
 f - a potion of agility {unknown}
 h - a potion of heal wounds {unknown}
 n - 3 potions of brilliance {unknown}
 p - a potion of lignification {unknown}
 u - a potion of cancellation {unknown}
Comestibles
 c - a slice of pizza
 d - 4 fruits
 i - a meat ration
 m - a bread ration


   Skills:
 + Level 4.0 Fighting
 + Level 2.6 Polearms
 + Level 2.4 Armour
 + Level 2.0 Dodging
 + Level 0.4 Stealth
 + Level 3.1 Invocations


You had 4 spell levels left.
You didn't know any spells.

Dungeon Overview and Level Annotations

Branches:
Dungeon (4/15)
 Temple: D:4-7

Altars:
Xom


Innate Abilities, Weirdness & Mutations

You have sharp fingernails.
You regenerate a little health from kills.


Message History

You barely miss the ogre.
The ogre is lightly wounded.
The ogre closely misses you.
You don't know any spells.
Use which ability? (? or * to list)
You feel very buoyant.
You fly up into the air.
You feel somewhat more hungry.
You hit the ogre.
The ogre is moderately wounded.
The ogre hits you with a giant club!!
Ouch! That really hurt!
* * * LOW HITPOINT WARNING * * *
You are too injured to fight recklessly!
You are too injured to fight recklessly!
Drink which item? (? for menu, Esc to quit)
You feel better. The ogre misses you.
Use which ability? (? or * to list)
You fail to use your ability.
The ogre hits you with a giant club!!
Ouch! That really hurt!
You die...

##.....................
#...................|.
#.....................
#.....................
#...........[.........
#######.....................
#.........).................
#...........................
#.............@O............
#.....<.....................
#...........................
#...........................
#...........................
#...............$..........
#.........#...............
######....#...............
#....#.....


You could see an ogre.

Vanquished Creatures
  A giant frog (D:3)
  A hound skeleton (D:3)
  2 worms (D:3)
  An orc (D:3)
  2 ball pythons
  7 bats
  5 giant cockroaches
  3 hobgoblins
  6 jackals
  14 kobolds
  A giant gecko (D:1)
  4 giant newts
  8 goblins
  2 quokkas (D:3)
  14 rats
  2 butterflies (D:2)
73 creatures vanquished.

Notes
Turn   | Place    | Note
--------------------------------------------------------------
     0 | Abyss:1  | Eldritch the Demonspawn Abyssal Knight began the quest for the Orb.
     0 | Abyss:1  | Reached XP level 1. HP: 18/18 MP: 2/2
     0 | D:1      | Escaped the Abyss
   119 | D:1      | Reached skill level 1 in Dodging
   178 | D:1      | Acquired Lugonu's first power
   436 | D:1      | Gained mutation: You have sharp fingernails. [demonic ancestry]
   436 | D:1      | Reached XP level 2. HP: 21/24 MP: 3/3
  1504 | D:2      | Gained mutation: You regenerate a little health from kills. [demonic ancestry]
  1504 | D:2      | Reached XP level 3. HP: 25/29 MP: 5/5
  1576 | D:2      | Found a shimmering altar of Xom.
  2159 | D:3      | Acquired Lugonu's second power
  2435 | D:3      | Reached XP level 4. HP: 35/37 MP: 6/6
  2437 | D:3      | Noticed a giant frog
  2445 | D:3      | Killed a giant frog
  2445 | D:3      | Reached skill level 4 in Fighting
  2649 | D:3      | Reached XP level 5. HP: 38/42 MP: 7/7
  3018 | D:4      | Noticed an ogre
  3035 | D:4      | HP: 1/42 [ogre/giant club (23)]
  3039 | D:4      | Mangled by an ogre

Vault maps used:
D:1:      dpeg_arrival_stone_temple_mockup
D:2:      xom_butterflies
D:4:      first_bread, uniq_grinder

Action                   |  1- 3 |  4- 6 || total
-------------------------+-------+-------++-------
Melee: Spear             |   217 |    60 ||   277
Invok: Depart the Abyss  |     1 |       ||     1
 Abil: Evoke Flight      |       |     1 ||     1
  Use: Scroll            |     3 |     1 ||     4
       Potion            |     1 |     1 ||     2
 Stab: Sleeping          |     1 |     1 ||     2
  Eat: Bread ration      |     1 |       ||     1
       Fruit             |       |     1 ||     1
       Meat ration       |       |     1 ||     1
